 Dungeon Crawl Stone Soup version 0.32-a0-42-ga30500b4d3 (webtiles) character file.

Game seed: 6388751273742952420

37603 pokeman the Eclecticist (level 13, -16/74 HPs)
             Began as a Deep Elf Hedge Wizard on Jan 26, 2024.
             Was a High Priest of Vehumet.
             Demolished by an ice devil (28 damage)
             ... in an ice cave.
             The game lasted 00:41:29 (14981 turns).

pokeman the Eclecticist (Deep Elf Hedge Wizard)    Turns: 14981, Time: 00:41:30

Health: -16/74     AC: 15    Str:  7    XL:     13   Next: 59%
Magic:  46/47      EV: 10    Int: 25    God:    Vehumet [*****.]
Gold:   675        SH:  0    Dex: 14    Spells: 26/50 levels left

rFire   + + .        L - staff of fire
rCold   x . .        (no shield)
rNeg    . . .        I - +0 swamp dragon scales
rPois   +            x - +2 helmet
rElec   .            E - +0 cloak
rCorr   .            (no gloves)
SInv    .            M - +1 pair of boots
Will    +....        g - amulet of magic regeneration
Stlth   ++           P - ring of magical power
HPRegen 0.32/turn    w - ring of fire
MPRegen 0.70/turn

%: no passive effects
@: no status effects
A: no striking features
a: Renounce Religion


You were in an ice cave.
You worshipped Vehumet.
Vehumet was extremely pleased with you.
You visited 3 branches of the dungeon, and saw 17 of its levels.
You also visited: Sewer and Ice Cave.

You collected 922 gold pieces.
You spent 247 gold pieces at shops.

Inventory:

Hand Weapons
 l - a +1 demon whip of venom
 y - a +1 dagger of venom
Missiles
 G - 2 throwing nets
Armour
 x - a +2 helmet (worn)
 E - a +0 cloak (worn)
 I - +0 swamp dragon scales (worn)
 M - a +1 pair of boots (worn)
Magical Staves
 L - a staff of fire (weapon)
Jewellery
 g - an amulet of magic regeneration (around neck)
 w - a ring of fire (right hand)
 P - a ring of magical power (left hand)
Wands
 a - a wand of polymorph (6)
 k - a wand of iceblast (7)
 u - a wand of paralysis (7)
 F - a wand of acid (12)
 O - a wand of digging (12)
Scrolls
 h - a scroll of amnesia
 i - a scroll of fog
 j - a scroll of summoning
 m - 10 scrolls of teleportation
 B - 2 scrolls of blinking
 T - a scroll of vulnerability {unknown}
Potions
 b - 2 potions of degeneration {unknown}
 c - a potion of lignification
 d - a potion of magic
 e - 5 potions of heal wounds
 f - a potion of berserk rage {unknown}
 v - a potion of haste
 z - 5 potions of curing
 A - 4 potions of enlightenment {unknown}
 C - 3 potions of brilliance {unknown}
 Q - a potion of ambrosia {unknown}


   Skills:
 - Level 6.0 Fighting
 + Level 6.4 Armour
 - Level 3.0 Dodging
 - Level 3.0 Stealth
 * Level 19.4 Spellcasting
 + Level 11.8 Conjurations
 - Level 1.1 Summonings
 - Level 1.1 Translocations
 + Level 11.1 Fire Magic
 - Level 1.1 Air Magic
 - Level 1.0 Earth Magic
 - Level 1.0 Alchemy
 - Level 1.1 Evocations


You had 26 spell levels left.
You knew the following spells:

 Your Spells              Type           Power      Damage    Failure   Level
a - Magic Dart            Conj           100%       1d8       1%          1
b - Mephitic Cloud        Conj/Alch/Air  47%        N/A       1%          3
c - Call Imp              Summ           58%        N/A       5%          2
d - Blink                 Tloc           58%        N/A       5%          2
e - Flame Wave            Conj/Fire      100%       2d21      1%          4
f - Iskenderun's Mystic   Conj/Tloc      54%        2d12      1%          4
g - Ignition              Fire           55%        3d15      63%         8

Your spell library contained the following spells:

 Spells                   Type           Power      Damage    Failure   Level
 Arcjolt                  Conj/Air       27%        1d37      3%          5
 Searing Ray              Conj           100%       2d8       1%          2
 Hailstorm                Conj/Ice       52%        3d10      1%          3
 Inner Flame              Hex/Fire       87%        N/A       1%          3
 Fulminant Prism          Conj/Alch      27%        3d14      1%          4
 Sticky Flame             Fire/Alch      89%        2d13      1%          4
 Irradiate                Conj/Alch      27%        3d20      3%          5
 Slow                     Hex            96%        N/A       5%          1
 Cigotuvi's Dreadful Rot  Necr/Alch/Air  54%        N/A       6%          2
 Call Canine Familiar     Summ           29%        N/A       11%         3
 Summon Ice Beast         Ice/Summ       27%        N/A       13%         3
 Fugue of the Fallen      Necr           24%        N/A       16%         3
 Ozocubu's Armour         Ice            24%        N/A       16%         3
 Sigil of Binding         Hex            24%        N/A       16%         3
 Tukima's Dance           Hex            24%        N/A       16%         3
 Manifold Assault         Tloc           29%        N/A       34%         4
 Dimensional Bullseye     Hex/Tloc       13%        N/A       41%         4
 Sculpt Simulacrum        Ice/Alch       13%        N/A       100%        6


Dungeon Overview and Level Annotations

Branches:
Dungeon (14/15)            Temple (1/1) D:6            Lair (2/5) D:11
    Orc (0/2) D:9           Sewer (visited)           IceCv (1/1)
  Swamp: Lair:2-3    Shoals: Lair:2-3     Snake: Lair:2-3    Spider: Lair:2-3
 Vaults: D:13-14

Altars:
Ashenzari
Cheibriados
Dithmenos
Elyvilon
Fedhas
Gozag
Hepliaklqana
Kikubaaqudgha
Makhleb
Nemelex Xobeh
Okawaru
Qazlal
Ru
Sif Muna
Trog
Uskayaw
Vehumet
Wu Jian
Xom
Yredelemnul
Zin
The Shining One

Shops:
D:5 ?

Annotations:
D:5 3 runed translucent doors, Azoth's ghost, amateur TrSh
D:6 Angel behind rock
D:9 2 transporters, jejorda2's ghost, novice GnBe


Message History

Casting: Flame Wave (safe; 1% risk of failure)
Confirm with . or Enter, or press ? or * to list all spells.
Casting: Flame Wave (safe; 1% risk of failure)
Press: ? - help, Dir - look around, f - activate You feel a strong surge of power!
A wave of flame ripples out!
The flame wave engulfs the ice devil!!
The ice devil is burned terribly!
You kill the ice devil!
Vehumet accepts your kill.
You feel your power returning. (Press . to intensify the flame waves.)
A cane toad simulacrum comes into view.
There is an ice covered gate leading back out of this place here.
Casting: Flame Wave (safe; 1% risk of failure)
Confirm with . or Enter, or press ? or * to list all spells.
Casting: Flame Wave (safe; 1% risk of failure)
Press: ? - help, Dir - look around, f - activate You feel a strong surge of power!
A wave of flame ripples out!
The flame wave engulfs the ice devil.
The ice devil is burned terribly!
The ice devil is lightly wounded. (Press . to intensify the flame waves.)
The ice devil hits you. The ice devil freezes you!!
You feel a terrible chill!
A wave of flame ripples out!
The flame wave engulfs the ice devil.
The ice devil is burned terribly!
The ice devil is lightly wounded.
The ice devil hits you. The ice devil freezes you!!
You feel a terrible chill!
* * * LOW HITPOINT WARNING * * *
Unknown command.
A wave of flame ripples out!
The flame wave engulfs the ice devil.
The ice devil is burned terribly!
The ice devil is moderately wounded.
The flame wave engulfs the cane toad simulacrum!!
The cane toad simulacrum melts!
The cane toad simulacrum vaporises!
Vehumet accepts your kill.
You feel your power returning.
You hear a sizzling sound!
The ice devil hits you.
* * * LOW HITPOINT WARNING * * *
The ice devil freezes you!!
You feel a terrible chill!
You die...

#####
##...##
##.....##
#...∩...#
#...@...#
##..4..##
##...##
#...#
##...
#...#
...##
...#


You could see an ice devil.

Vanquished Creatures
  Josephine (D:12)
  2 hydras
  4 centaur warriors
  3 two-headed ogres
  2 boulder beetles
  2 tengu warriors
  Amaemon (Lair:2)
  4 skeletal warriors (D:13)
  An oklob plant (Lair:1)
  Pikel (D:5)
  5 ugly things
  A manticore (D:13)
  A cyclops (D:7)
  3 meliai (D:13)
  2 black mambas
  2 cane toads (Lair:1)
  3 gargoyles
  An orange demon (Lair:2)
  Jeremiah (D:8)
  A freezing wraith (D:14)
  2 komodo dragons (Lair:1)
  A kobold demonologist (D:10)
  An unseen horror (D:11)
  An efreet (D:10)
  5 ice devils
  A tengu conjurer (D:13)
  3 trolls
  Prince Ribbit (D:5)
  16 slime creatures
  A shadow (D:13)
  A vampire (D:13)
  20 yaks
  6 wraiths
  A water elemental (D:12)
  A warg (D:8)
  5 steam dragons
  2 basilisks
  A human (D:7)
  6 vampire mosquitoes
  5 water moccasins
  5 orc warriors
  2 black bears (D:5)
  A sky beast (D:7)
  5 wolves (Lair:2)
  4 centaurs
  A crocodile (Sewer)
  2 phantoms
  2 lemures (D:5)
  3 kobold brigands
  9 bullfrogs
  2 brain worms
  A two-headed ogre simulacrum (IceCv)
  A cane toad simulacrum (IceCv)
  6 scorpions
  7 wights
  36 killer bees
  3 electric eels (D:12)
  4 howler monkeys
  2 jellies
  2 hounds
  A bombardier beetle (D:3)
  A gnoll bouda (D:8)
  8 orc priests
  Ijyb (D:5)
  A human skeleton (D:7)
  A sleepcap (D:4)
  A troll simulacrum (IceCv)
  Natasha (thrice) (D:3)
  3 iguanas
  13 orc wizards
  A spriggan simulacrum (IceCv)
  Terence (D:3)
  9 adders
  4 gnolls
  A shadow imp (D:6)
  2 white imps (D:5)
  4 ufetubi
  2 dart slugs
  2 ribbon worms
  27 orcs
  4 endoplasms (D:2)
  7 giant cockroaches
  8 hobgoblins
  5 quokkas
  7 ball pythons
  10 bats
  A frilled lizard (D:3)
  4 goblins
  A goblin skeleton (D:7)
  A jackal skeleton (D:7)
  15 kobolds
  8 rats
376 creatures vanquished.

Notes
Turn   | Place    | Note
-------+----------+-------------------------------------------
     0 | D:1      | pokeman the Deep Elf Hedge Wizard began the quest for the
                  | Orb.
     0 | D:1      | Reached XP level 1. HP: 10/10 MP: 7/7
   177 | D:1      | Reached XP level 2. HP: 16/16 MP: 5/9
   684 | D:2      | Reached skill level 5 in Spellcasting
   684 | D:2      | Reached XP level 3. HP: 13/20 MP: 5/11
   696 | D:2      | Learned a level 3 spell: Mephitic Cloud
   699 | D:2      | Learned a level 2 spell: Call Imp
   702 | D:2      | Learned a level 2 spell: Blink
   837 | D:2      | Reached skill level 1 in Armour
   928 | D:2      | Reached skill level 1 in Fighting
  1427 | D:3      | Reached XP level 4. HP: 25/25 MP: 11/13
  1454 | D:3      | Found a faded altar of an unknown god.
  1485 | D:3      | Noticed Natasha
  1493 | D:3      | Killed Natasha
  1576 | D:3      | Noticed Terence
  1593 | D:3      | Killed Terence
  1619 | D:3      | Found a stormy altar of Qazlal.
  1693 | D:3      | Reached skill level 6 in Spellcasting
  1693 | D:3      | Reached XP level 5. HP: 29/29 MP: 11/15
  1768 | D:3      | Found a blossoming altar of Fedhas.
  1771 | D:3      | Found a broken altar of Ashenzari.
  1771 | D:3      | Found a burning altar of Makhleb.
  1778 | D:3      | Found a sacrificial altar of Ru.
  1957 | D:3      | Noticed Natasha
  1964 | D:3      | Killed Natasha
  1965 | D:3      | Reached skill level 1 in Alchemy
  2172 | D:3      | Noticed Natasha
  2185 | D:3      | Killed Natasha
  2186 | D:3      | Reached skill level 1 in Air Magic
  2350 | D:4      | Reached XP level 6. HP: 21/34 MP: 13/17
  2509 | D:4      | Reached skill level 7 in Spellcasting
  2720 | D:4      | Reached skill level 1 in Evocations
  2765 | D:4      | Reached skill level 1 in Earth Magic
  2765 | D:4      | Reached XP level 7. HP: 19/40 MP: 18/20
  2871 | D:4      | Learned a level 4 spell: Flame Wave
  3105 | D:5      | Entered Level 5 of the Dungeon
  3142 | D:5      | Noticed Pikel
  3169 | D:5      | Found a runed translucent gate.
  3169 | D:5      | Noticed Prince Ribbit
  3171 | D:5      | Found a runed translucent gate.
  3171 | D:5      | Found a runed translucent gate.
  3174 | D:5      | Noticed Azoth's ghost (amateur TrSh)
  3228 | D:5      | Killed Prince Ribbit
  3229 | D:5      | Reached skill level 8 in Spellcasting
  3229 | D:5      | Reached skill level 1 in Fire Magic
  3342 | D:5      | Found a glowing drain.
  3407 | Sewer    | Entered a sewer
  3502 | Sewer    | Reached XP level 8. HP: 45/45 MP: 9/22
  3607 | D:5      | Noticed Ijyb
  3618 | D:5      | Reached skill level 9 in Spellcasting
  3626 | D:5      | Killed Ijyb
  3786 | D:5      | Reached skill level 5 in Conjurations
  3818 | D:5      | Killed Pikel
  3819 | D:5      | Reached skill level 10 in Spellcasting
  3994 | D:5      | Found Xihuthop's Magic Scroll Shoppe.
  3999 | D:5      | Bought a scroll of teleportation for 45 gold pieces
  3999 | D:5      | Bought a scroll of teleportation for 45 gold pieces
  3999 | D:5      | Bought a scroll of blinking for 112 gold pieces
  3999 | D:5      | Bought a scroll of identify for 30 gold pieces
  3999 | D:5      | Bought a scroll of noise for 15 gold pieces
  4157 | D:6      | Found a glowing silver altar of Zin.
  4157 | D:6      | Noticed an angel
  4181 | D:6      | Found a staircase to the Ecumenical Temple.
  4197 | Temple   | Entered the Ecumenical Temple
  4213 | Temple   | Became a worshipper of Vehumet
  4628 | D:6      | Reached XP level 9. HP: 49/52 MP: 25/25
  4724 | D:7      | HP: 2/52 [centaur/arrow (9)]
  4734 | D:7      | Reached skill level 11 in Spellcasting
  4775 | D:7      | Noticed Maggie
  4778 | D:7      | Maggie changed into Maggie the brain worm
  4778 | D:7      | Noticed Maggie
  4785 | D:7      | Killed Maggie the brain worm
  4978 | D:7      | Found a snail-covered altar of Cheibriados.
  5014 | D:7      | Found a shimmering blue altar of Sif Muna.
  5103 | D:7      | Noticed a cyclops
  5120 | D:7      | Killed a cyclops
  5121 | D:7      | Reached skill level 5 in Fire Magic
  5221 | D:7      | Found a runed translucent door.
  5227 | D:7      | Reached skill level 12 in Spellcasting
  5230 | D:7      | Found a basalt altar of Yredelemnul.
  5456 | D:8      | Reached * piety under Vehumet
  5456 | D:8      | Offered knowledge of Sting by Vehumet.
  5537 | D:8      | Noticed Joseph
  5540 | D:8      | Joseph changed into Joseph the warg
  5540 | D:8      | Noticed Joseph
  5546 | D:8      | Killed Joseph the warg
  5973 | D:8      | Reached XP level 10. HP: 56/56 MP: 21/28
  5976 | D:8      | Noticed Jeremiah
  6004 | D:8      | Killed Jeremiah
  6264 | D:8      | Reached skill level 13 in Spellcasting
  6617 | D:9      | Reached ** piety under Vehumet
  6622 | D:9      | Offered knowledge of Sandblast by Vehumet.
  6698 | D:9      | Found a staircase to the Orcish Mines.
  6789 | D:9      | Found a transporter.
  6797 | D:9      | Noticed a seven-headed hydra
  6822 | D:9      | Noticed a moth of wrath
  6824 | D:9      | Noticed jejorda2's ghost (novice GnBe)
  6843 | D:9      | Found a transporter.
  6875 | D:9      | Noticed a two-headed ogre
  6879 | D:9      | Killed a two-headed ogre
  7126 | D:9      | Found a sacrificial altar of Ru.
  7190 | D:9      | Found a glowing silver altar of Zin.
  7489 | D:10     | Entered Level 10 of the Dungeon
  7495 | D:10     | Reached skill level 14 in Spellcasting
  7504 | D:9      | Learned a level 4 spell: Iskenderun's Mystic Blast
  7894 | D:10     | Reached XP level 11. HP: 61/61 MP: 26/31
  8096 | D:10     | Noticed a tengu warrior
  8097 | D:10     | Noticed a two-headed ogre
  8102 | D:10     | Killed a tengu warrior
  8108 | D:10     | Killed a two-headed ogre
  8353 | D:11     | Offered knowledge of Dazzling Flash by Vehumet.
  8354 | D:11     | Reached skill level 15 in Spellcasting
  8355 | D:11     | Reached skill level 5 in Armour
  8598 | D:11     | Reached *** piety under Vehumet
  8778 | D:11     | Found a staircase to the Lair.
  8942 | D:11     | Noticed a boulder beetle
  8956 | D:11     | Killed a boulder beetle
  8956 | D:11     | Offered knowledge of Frozen Ramparts by Vehumet.
  9348 | D:12     | Noticed Josephine
  9356 | D:12     | Killed Josephine
  9457 | D:12     | Noticed a two-headed ogre
  9459 | D:12     | Reached skill level 16 in Spellcasting
  9463 | D:12     | Killed a two-headed ogre
  9587 | D:12     | Reached skill level 5 in Fighting
 10072 | D:12     | Reached XP level 12. HP: 68/68 MP: 34/34
 10535 | D:12     | Reached **** piety under Vehumet
 10826 | D:13     | Noticed a centaur warrior
 10846 | D:13     | Reached skill level 10 in Conjurations
 10868 | D:13     | Offered knowledge of Volatile Blastmotes by Vehumet.
 10898 | D:13     | Killed a centaur warrior
 10899 | D:13     | Reached skill level 17 in Spellcasting
 11477 | D:13     | Noticed a six-headed hydra
 11486 | D:13     | Killed a six-headed hydra
 11487 | D:13     | Reached skill level 10 in Fire Magic
 11520 | D:13     | Noticed a centaur warrior
 11525 | D:13     | Killed a centaur warrior
 11649 | D:13     | Reached skill level 18 in Spellcasting
 12012 | D:13     | Noticed a two-headed ogre
 12026 | D:13     | Noticed a centaur warrior
 12028 | D:13     | Noticed a centaur warrior
 12028 | D:13     | Noticed a centaur warrior
 12119 | D:13     | Reached ***** piety under Vehumet
 12384 | D:13     | Noticed a centaur warrior
 12394 | D:13     | Killed a centaur warrior
 12394 | D:13     | Offered knowledge of Arcjolt by Vehumet.
 12768 | D:13     | Noticed a two-headed ogre
 12774 | D:13     | Noticed a centaur warrior
 12794 | D:14     | Noticed a tengu warrior
 12794 | D:14     | Noticed a centaur warrior
 12801 | D:14     | Killed a tengu warrior
 12802 | D:14     | Reached XP level 13. HP: 52/74 MP: 37/37
 13451 | Lair:1   | Entered Level 1 of the Lair of Beasts
 13811 | Lair:1   | Found a blossoming altar of Fedhas.
 14003 | Lair:1   | Reached skill level 19 in Spellcasting
 14147 | Lair:1   | Learned a level 8 spell: Ignition
 14856 | Lair:2   | Noticed Amaemon
 14866 | Lair:2   | Killed Amaemon
 14897 | Lair:2   | Found a frozen archway.
 14952 | IceCv    | Entered an ice cave
 14981 | IceCv    | Demolished by an ice devil

Illustrated notes

Levels and vault maps discovered:
D:1:      lemuel_arrival_cross, layout_loops_ring, minmay_octomino_e4
D:2:      layout_basic, minmay_misc_feat_plants
D:3:      layout_basic, nicolae_overflow_hallway_of_the_gods,
          nicolae_ecumenical_oubliette, serial_bayou_pond_b,
          kennysheep_generic_room_15, uniq_natasha, uniq_terence
D:4:      layout_basic
D:5:      layout_basic, portal_sewer_entry_d, ebering_ghost_rock_garden,
          serial_shops, shop, uniq_prince_ribbit1, uniq_pikel, uniq_ijyb
D:6:      layout_rooms, zin_angel, minmay_temple_entry_arrows
D:7:      layout_cave_pools, dk_yredelemnul_ordeal, slow_altar_1,
          hellmonk_sif_muna_bookshelves, kennysheep_generic_room_14, uniq_maggie
D:8:      layout_cave_pods, kennysheep_generic_room_13, uniq_jeremiah,
          uniq_joseph
D:9:      layout_roguey, david_orc_4, gammafunk_ghost_berserking_beasts,
          hangedman_feature_mirror, eino_small_chamber_without_monster
D:10:     layout_cave_pools, kennysheep_generic_room_4
D:11:     layout_cave_pods, lair_entry_dummy, serial_glass, glass_columns_a,
          glass_columns_b, glass_columns_a
D:12:     layout_basic, uniq_josephine
D:13:     wad_woods_minihive, layout_irregular_city, drop_trap
D:14:     layout_cave_pools, david_vaults_2
Temple:   compressed_dpeg_triangle_lava_temple
Lair:1:   layout_cave_pods, serial_bayou_ford_a, nicolae_quartered_pool_medium,
          tgw_fedhas, serial_bayou_shore_b
Lair:2:   layout_chaotic_city, portal_ice_cave_demonic_guard,
          beast_lair_carwin_9, serial_bayou_shore_b, uniq_amaemon
IceCv:    ice_cave_tombish

Skill      XL: |  1  2  3  4  5  6  7  8  9 10 11 12 13 |
---------------+----------------------------------------+-----
Spellcasting   | 5 6 7 8 10 12 14 16 18 19 | 19.4
Armour         | 1 3 4 5 6 |  6.4
Fighting       | 1 2 3 4 5 6 |  6.0
Conjurations   | 2 3 4 5 7 8 9 11 | 11.8
Dodging        | 3 |  3.0
Stealth        | 3 |  3.0
Alchemy        | 1 |  1.0
Air Magic      | 1 |  1.1
Evocations     | 1 |  1.1
Earth Magic    | 1 |  1.0
Fire Magic     | 2 4 5 7 8 10 11 | 11.1
Summonings     | |  1.1
Translocations | |  1.1

Action                     |  1- 3 |  4- 6 |  7- 9 | 10-12 | 13-15 || total
---------------------------+-------+-------+-------+-------+-------++-------
  Melee: Dagger            |       |    25 |    73 |     6 |     7 ||   111
         Punch             |       |       |     2 |     1 |       ||     3
         Staff             |       |       |       |    18 |       ||    18
   Cast: Magic Dart        |   111 |   149 |   149 |    56 |     8 ||   473
         Mephitic Cloud    |       |     9 |    36 |    29 |     9 ||    83
         Call Imp          |       |     2 |     1 |     3 |       ||     6
         Blink             |       |     1 |     3 |     1 |       ||     5
         Flame Wave        |       |       |    17 |    98 |    35 ||   150
         Iskenderun's Myst |       |       |       |     8 |       ||     8
  Evoke: Wand              |       |       |     3 |       |       ||     3
    Use: Potion            |       |     1 |       |       |       ||     1
         Scroll            |       |       |       |    14 |       ||    14
   Stab: Confused          |       |     7 |    14 |       |     1 ||    22
 Armour: Robe              |    10 |    41 |    33 |       |       ||    84
         Steam dragon scal |       |       |    27 |       |       ||    27
         Leather armour    |       |       |     2 |   154 |    16 ||   172
         Swamp dragon scal |       |       |       |       |    44 ||    44
  Dodge: Dodged            |    19 |    54 |    73 |   130 |    23 ||   299

Table legend: (Time is in decaauts)
 A = Elapsed time spent in this place.
 B = Non-inter-level travel time spent in this place.
 C = Inter-level travel time spent in this place.
 D = Time resting spent in this place.
 E = Time spent auto-exploring this place.
 F = Levels seen in this place.
 G = Mean time per level.
                   A        B        C        D        E       F      G
               +--------+--------+--------+--------+--------+-----+--------+
         Total |  15037 |  14301 |    736 |   1045 |  10516 |  19 |  791.4 |
       Dungeon |  13242 |  12566 |    676 |   1004 |   9165 |  14 |  945.9 |
        Temple |     75 |     42 |     33 |      0 |      0 |   1 |   75.0 |
          Lair |   1511 |   1485 |     26 |     41 |   1233 |   2 |  755.5 |
         Sewer |    178 |    178 |      0 |      0 |    113 |   1 |  178.0 |
      Ice Cave |     28 |     28 |      0 |      0 |      4 |   1 |   28.0 |
               +--------+--------+--------+--------+--------+-----+--------+

Top non-repeatable levels by time:
    D:13: 2275 daAuts
    D:12: 1599 daAuts
  Lair:1: 1408 daAuts
     D:8: 1191 daAuts
     D:9: 1007 daAuts
    D:11: 882 daAuts
     D:4: 878 daAuts
     D:5: 870 daAuts
     D:7: 849 daAuts
     D:3: 811 daAuts
    D:10: 785 daAuts
     D:2: 748 daAuts
     D:1: 675 daAuts
     D:6: 490 daAuts
   Sewer: 178 daAuts
